 Dungeon Crawl Stone Soup version 0.31-a0-145-g046c7d2549 (webtiles) character file.

Game seed: 9231601223925755077

7708 Dittersdorf the Protected (level 11, -2/72 HPs)
             Began as a Gargoyle Fighter on June 6, 2023.
             Was a High Priest of Okawaru.
             Slain by a sixfirhy (4 damage)
             ... summoned by a kobold demonologist
             ... on level 10 of the Dungeon.
             The game lasted 00:17:58 (7831 turns).

Dittersdorf the Protected (Gargoyle Fighter)        Turns: 7831, Time: 00:17:58

Health: -2/72      AC: 16    Str: 24    XL:     11   Next: 19%
Magic:  9/11       EV: 10    Int:  9    God:    Okawaru [*****.]
Gold:   390        SH: 12    Dex:  9    Spells: 10/10 levels left

rFire   . . .        k - +5 flail (freeze)
rCold   + + +        t - +0 kite shield
rNeg    + + .        m - +3 chain mail {rC+}
rPois   ∞            j - +0 helmet
rElec   +            u - +1 cloak {Stlth+}
rCorr   .            E - +2 pair of gloves
SInv    +            h - +2 pair of boots
Will    .....        f - amulet of regeneration
Stlth   +            c - ring of Keowohup {rC++ rN+}
HPRegen 1.12/turn    C - ring of see invisible
MPRegen 0.12/turn

%: no passive effects
@: heroic, corroded
A: sickness immunity, AC +8, negative energy resistance 1, electricity
resistance, torment resistance 1, petrification resistance
a: Renounce Religion, Heroism, Finesse, Duel


You were on level 10 of the Dungeon.
You worshipped Okawaru.
Okawaru was extremely pleased with you.
You visited 1 branch of the dungeon, and saw 10 of its levels.
You also visited: Ossuary and Bailey.

You collected 540 gold pieces.
You spent 150 gold pieces at shops.

Inventory:

Hand Weapons
 k - a +5 flail of freezing (weapon)
Missiles
 g - a throwing net (quivered)
Armour
 h - a +2 pair of boots (worn)
 j - a +0 helmet (worn)
 m - a +3 chain mail of cold resistance (worn)
 t - a +0 kite shield (worn)
 u - a +1 cloak of stealth (worn)
 E - a +2 pair of gloves (worn)
Jewellery
 c - the ring of Keowohup (left hand) {rC++ rN+}
   (You acquired it on level 7 of the Dungeon)

   [ring of positive energy]

   rC:        It greatly protects you from cold.
   rN:        It protects you from negative energy.
 f - an amulet of regeneration (around neck)
 C - a ring of see invisible (right hand)
Wands
 z - a wand of roots (4)
Scrolls
 e - 4 scrolls of teleportation
 o - a scroll of poison
 r - 5 scrolls of enchant armour
 w - a scroll of fear
Potions
 b - a potion of brilliance
 d - 2 potions of might
 n - 3 potions of haste
 q - a potion of mutation
 x - a potion of invisibility
 B - 3 potions of heal wounds
 D - a potion of enlightenment


   Skills:
 + Level 10.0(15.0) Fighting
 + Level 8.8(13.8) Maces & Flails
 + Level 10.0(15.0) Armour
 + Level 9.9(14.9) Shields


You had 10 spell levels left.
You didn't know any spells.
Your spell library contained the following spells:

 Spells                   Type           Power      Damage    Failure   Level
 Apportation              Tloc           0%         N/A       91%         1
 Necrotise                Necr           0%         1d4       91%         1
 Ignite Poison            Fire/Tmut/Pois 0%         N/A       99%         3
 Vampiric Draining        Necr           0%         2d6       99%         3
 Vhi's Electric Charge    Tloc/Air       0%         N/A       99%         3
 Agony                    Necr           0%         N/A       100%        5
 Arcjolt                  Conj/Air       0%         1d10      100%        5
 Freezing Cloud           Conj/Ice/Air   0%         6-21      100%        5
 Maxwell's Capacitive Co  Air            0%         ∞         100%        8
 Summon Small Mammal      Summ           Unusable   N/A       N/A         1
 Cigotuvi's Dreadful Rot  Necr/Pois/Air  Unusable   N/A       N/A         2

Dungeon Overview and Level Annotations

Branches:
Dungeon (10/15)            Temple (0/1) D:7             Orc (0/2) D:9
Ossuary (visited)          Bailey (visited)
   Lair: D:8-11

Altars:
Ashenzari
Okawaru
Ru
Trog
Vehumet
Xom
Yredelemnul
Zin

Shops:
D:5 ?*   D:6 !   D:9 :(

Annotations:
D:4 3 runed translucent doors, pigah's ghost, amateur OpWn


Innate Abilities, Weirdness & Mutations

You are immune to sickness and miasma.
Your stone body is resilient. (AC +8)
You are immune to poison.
You resist negative energy. (rN+)
You are resistant to electric shocks. (rElec)
You are resistant to unholy torment.
You are immune to petrification.


Message History

The kobold demonologist is moderately wounded.
The sixfirhy hits you!
* * * LOW HITPOINT WARNING * * *
The sixfirhy shocks you. You resist.
* * * LOW HITPOINT WARNING * * *
You block the quasit's attack.
The quasit claws you but does no damage.
You block the quasit's attack. You block the kobold's attack.
The kobold demonologist looks satisfied for a moment.
The kobold hits you but does no damage. The kobold brigand closely misses you.
The kobold hits you but does no damage.
The crimson imp blinks!
You barely miss the kobold demonologist.
The kobold demonologist is moderately wounded.
The quasit barely misses you. You block the quasit's attack.
The quasit claws you but does no damage.
You block the kobold demonologist's attack.
You block the kobold brigand's attack. The kobold closely misses you.
The kobold hits you but does no damage. You block the kobold's attack.
You thump the kobold demonologist! You freeze the kobold demonologist!
The kobold demonologist is severely wounded.
You block the quasit's attack.
The quasit claws you but does no damage. x2
You miss the kobold demonologist.
The kobold demonologist is severely wounded.
The quasit disappears in a puff of smoke!
The sixfirhy hits you but does no damage.
You block the kobold's attack.
The kobold brigand hits you with a +0 whip.
* * * LOW HITPOINT WARNING * * *
The kobold barely misses you.
The kobold demonologist casts a spell.
The kobold closely misses you.
The quasit bites you but does no damage.
You block the quasit's attack.
The quasit claws you but does no damage.
The sixfirhy hits you but does no damage.
You miss the kobold demonologist.
The kobold demonologist is severely wounded.
The sixfirhy hits you.
You die...

#..#....##.#.#....#..
#.##...##..#.#....#..
##.#...##..####....#..
#..#.###..# #....###
#..#.....# #.......
#.....#### +.......
#.#####..# #...)...
###.##4KK5.# #####..!
#.....K@3K.# #...
≈§........KK5..'...
####
§§.#######.K...##.. ≈.
#.....# #.....#
####+##


You could see an ice devil (summoned), a kobold demonologist, a sixfirhy
(summoned), a kobold brigand, a quasit (summoned), a crimson imp (summoned) and
5 kobolds.

Vanquished Creatures
  3 two-headed ogres
  A deep elf zephyrmancer (Bailey)
  An orc knight (Bailey)
  2 hornets
  A yak (D:10)
  A steam dragon (D:9)
  Duvessa (D:4)
  A sky beast (D:6)
  A black bear (D:6)
  12 orc warriors
  An ogre (D:6)
  3 centaurs
  Blork the orc (D:6)
  2 kobold brigands
  2 scorpions
  16 wights
  Dowan (D:3)
  6 killer bees (D:10)
  2 howler monkeys
  2 jellies
  5 hounds
  A gnoll bouda (D:8)
  5 orc priests
  Crazy Yiuf (D:3)
  2 sleepcaps (D:6)
  3 iguanas
  8 orc wizards
  3 mummies (Ossuary)
  Robin (D:2)
  12 gnolls
  5 adders
  2 shadow imps
  A white imp (D:7)
  An ufetubus (D:4)
  3 adder zombies (Ossuary)
  2 worms (D:2)
  A dart slug (D:1)
  31 orcs
  6 endoplasms
  5 giant cockroaches
  6 hobgoblins
  5 jackals
  5 quokkas
  2 ball pythons
  15 bats
  2 frilled lizards (D:1)
  18 goblins
  7 goblin zombies (Ossuary)
  2 hobgoblin zombies (Ossuary)
  11 kobolds
  3 kobold zombies (Ossuary)
  3 quokka zombies (Ossuary)
  5 rats
242 creatures vanquished.

Vanquished Creatures (others)
  An orc wizard (D:7)
1 creature vanquished.

Grand Total: 243 creatures vanquished

Notes
Turn   | Place    | Note
-------+----------+-------------------------------------------
     0 | D:1      | Dittersdorf the Gargoyle Fighter began the quest for the
                  | Orb.
     0 | D:1      | Reached XP level 1. HP: 14/14 MP: 1/1
   154 | D:1      | Reached XP level 2. HP: 19/19 MP: 2/2
   653 | D:1      | Reached XP level 3. HP: 24/24 MP: 3/3
   911 | D:2      | Noticed Robin
   977 | D:2      | Killed Robin
   978 | D:2      | Reached XP level 4. HP: 29/29 MP: 4/4
  1528 | D:3      | Found a runed translucent door.
  1529 | D:3      | Noticed Crazy Yiuf
  1594 | D:3      | Reached XP level 5. HP: 22/33 MP: 5/5
  1774 | D:3      | Found an iron altar of Okawaru.
  1903 | D:3      | Became a worshipper of Warmaster Okawaru
  2388 | D:3      | Found a basalt altar of Yredelemnul.
  2392 | D:3      | Found a glowing silver altar of Zin.
  2402 | D:3      | Found a sacrificial altar of Ru.
  2662 | D:3      | Killed Crazy Yiuf
  2913 | D:4      | Found a runed translucent gate.
  2913 | D:4      | Found a runed translucent gate.
  2913 | D:4      | Found a runed translucent gate.
  2914 | D:4      | Noticed a kobold brigand
  2914 | D:4      | Noticed pigah's ghost (amateur OpWn)
  3155 | D:4      | Noticed Dowan
  3156 | D:4      | Noticed Duvessa
  3169 | D:4      | Killed Duvessa
  3170 | D:4      | Reached XP level 6. HP: 37/39 MP: 6/6
  3196 | D:3      | Killed Dowan
  3533 | D:5      | Entered Level 5 of the Dungeon
  3546 | D:4      | Reached * piety under Okawaru
  3547 | D:4      | Reached skill level 5 in Fighting
  3547 | D:4      | Reached skill level 5 in Armour
  3547 | D:4      | Reached skill level 5 in Shields
  3590 | D:4      | Reached XP level 7. HP: 44/44 MP: 7/7
  3706 | D:5      | Found Iloac's Assorted Antiques.
  3795 | D:5      | Identified the +8 spear of the Hurting Gods {holy, rF+
                  | Str+3 Int+4 Dex+5 Stlth-}
  3834 | D:5      | Found Edeiceem's Magic Scroll Emporium.
  4249 | D:6      | Reached ** piety under Okawaru
  4250 | D:6      | Reached XP level 8. HP: 50/51 MP: 8/8
  4285 | D:6      | Reached skill level 5 in Maces & Flails
  4325 | D:6      | Noticed Blork the orc
  4343 | D:6      | Killed Blork the orc
  4374 | D:6      | Found Yziupt's Distillery.
  4378 | D:6      | Bought a potion of heal wounds for 75 gold pieces
  4378 | D:6      | Bought a potion of heal wounds for 75 gold pieces
  4629 | D:6      | Found a broken altar of Ashenzari.
  4674 | D:6      | Reached *** piety under Okawaru
  4934 | D:7      | Identified a scroll of acquirement
  4935 | D:7      | Acquired the ring of Keowohup {rC++ rN+}
  5015 | D:7      | Reached XP level 9. HP: 54/56 MP: 9/9
  5167 | D:7      | Found a sand-covered staircase.
  5174 | Ossuary  | Entered an ossuary
  5334 | D:7      | Identified the +5 orcbow "Ohaop" {elec, rCorr MP+9 Stlth+}
  5848 | D:7      | Found a staircase to the Ecumenical Temple.
  5888 | D:8      | Noticed a hornet
  5899 | D:8      | Killed a hornet
  6064 | D:8      | Found a flagged portal.
  6093 | Bailey   | Entered a bailey
  6173 | Bailey   | HP: 1/59 [orc warrior/+0 glaive (10)]
  6186 | Bailey   | HP: 3/88 [orc warrior/+0 glaive (3)]
  6219 | Bailey   | Received a gift from Okawaru
  6227 | Bailey   | Reached **** piety under Okawaru
  6228 | Bailey   | Reached XP level 10. HP: 27/64 MP: 10/10
  6338 | Bailey   | Noticed an orc knight
  6358 | Bailey   | Killed an orc knight
  6392 | Bailey   | Found a large runed translucent door.
  6392 | Bailey   | Found a large runed translucent door.
  6393 | Bailey   | Noticed a deep elf zephyrmancer
  6424 | Bailey   | Killed a deep elf zephyrmancer
  6430 | Bailey   | Identified the +6 scale mail of the Lion {rPois}
  6971 | D:9      | Found Noseblie's Book Shoppe.
  6971 | D:9      | Noticed a two-headed ogre
  6981 | D:9      | Killed a two-headed ogre
  6981 | D:9      | Reached ***** piety under Okawaru
  7026 | D:9      | Found Epheag's Weapon Shoppe.
  7119 | D:9      | Found a staircase to the Orcish Mines.
  7132 | D:9      | Received a gift from Okawaru
  7540 | D:10     | Entered Level 10 of the Dungeon
  7585 | D:10     | Noticed a two-headed ogre
  7590 | D:10     | Killed a two-headed ogre
  7639 | D:9      | Found a radiant altar of Vehumet.
  7639 | D:9      | Found a bloodstained altar of Trog.
  7642 | D:9      | Found a shimmering altar of Xom.
  7705 | D:10     | Reached XP level 11. HP: 67/72 MP: 11/11
  7707 | D:10     | Noticed a two-headed ogre
  7720 | D:10     | Killed a two-headed ogre
  7752 | D:10     | Reached skill level 10 in Armour
  7811 | D:10     | Reached skill level 10 in Fighting
  7814 | D:10     | Noticed a sixfirhy
  7827 | D:10     | HP: 2/72 [sixfirhy[a kobold demonologist] (3)]
  7831 | D:10     | Slain by a sixfirhy

Illustrated notes

Levels and vault maps discovered:
D:1:      denvon_arrival_planthouse, layout_loops_corners
D:2:      layout_loops_ring, uniq_robin
D:3:      layout_basic, grunt_temple_overflow_diamond, lemuel_tele_altar,
          serial_bayou_pond_e, uniq_crazy_yiuf_cottage
D:4:      layout_gridville, gammafunk_ghost_nasty_kobolds, uniq_duvessa
D:5:      layout_rooms, serial_shops, shop, nicolae_take_the_stairs,
          moated_statue
D:6:      layout_basic, cheibrodos_ashenzari_chains, serial_shops, shop,
          uniq_blork_the_orc
D:7:      layout_basic, minmay_temple_entry_statues, chequers_ossuary_entry_cave
D:8:      layout_cave_pools, enter_bailey_2, roderic_batcave
D:9:      layout_rooms, nicolae_overflow_hidden_temple, orc_0_dummy,
          serial_shops, nicolae_shop_hallway_plus, nicolae_book_shop_shelving
D:10:     minmay_evil_eye, layout_gridville, lightli_temple_of_fire,
          enter_trove_2, minivault_10

Skill      XL: |  1  2  3  4  5  6  7  8  9 10 11 |
---------------+----------------------------------+-----
Fighting       | 4 5 6 8 9 10 | 10.0
Shields        | 4 5 6 8 9 |  9.9
Armour         | 4 5 6 8 9 10 | 10.0
Maces & Flails | 3 4 5 7 8 |  8.8

Action                     |  1- 3 |  4- 6 |  7- 9 | 10-12 || total
---------------------------+-------+-------+-------+-------++-------
  Melee: Flail             |   127 |   210 |   310 |   166 ||   813
         Morningstar       |       |       |   186 |    51 ||   237
 Invoke: Heroism           |       |       |     2 |     2 ||     4
  Evoke: Wand              |       |     1 |       |       ||     1
    Use: Scroll            |       |       |    15 |    10 ||    25
         Potion            |       |       |    11 |       ||    11
 Armour: Scale mail        |    78 |   146 |    72 |       ||   296
         Chain mail        |       |       |    83 |   263 ||   346
         Plate armour      |       |       |   246 |    13 ||   259
  Dodge: Dodged            |   100 |    86 |   204 |   108 ||   498
  Block: Buckler           |    33 |    41 |    51 |       ||   125
         Kite shield       |       |       |   218 |   202 ||   420

Table legend: (Time is in decaauts)
 A = Elapsed time spent in this place.
 B = Non-inter-level travel time spent in this place.
 C = Inter-level travel time spent in this place.
 D = Time resting spent in this place.
 E = Time spent auto-exploring this place.
 F = Levels seen in this place.
 G = Mean time per level.
                   A        B        C        D        E       F      G
               +--------+--------+--------+--------+--------+-----+--------+
         Total |   8051 |   7562 |    489 |    378 |   4613 |  12 |  670.9 |
       Dungeon |   7469 |   6980 |    489 |    290 |   4513 |  10 |  746.9 |
       Ossuary |    162 |    162 |      0 |     19 |     63 |   1 |  162.0 |
        Bailey |    419 |    419 |      0 |     69 |     37 |   1 |  419.0 |
               +--------+--------+--------+--------+--------+-----+--------+

Top non-repeatable levels by time:
     D:3: 1286 daAuts
     D:1: 992 daAuts
     D:4: 903 daAuts
     D:7: 875 daAuts
     D:6: 717 daAuts
     D:8: 673 daAuts
     D:9: 617 daAuts
     D:5: 579 daAuts
     D:2: 548 daAuts
  Bailey: 419 daAuts
    D:10: 274 daAuts
 Ossuary: 162 daAuts
